Map: Magannatha LE

Players

ManlyManMeat - Winner!

  • Race: Zerg Zerg
  • League: Diamond
  • Spawn Location: 5:00

Zorx

  • Race: Zerg Zerg
  • League: Diamond
  • Spawn Location: 11:00

VOD

Have the link to the VOD?

Description

Time

  • Played on: July 7, 2025, 9:42 a.m.
  • Length: 7:25
Show
View Real Time Build Order
Export as new Build Order

ManlyManMeat Zerg - Winner!

Build Orders: Hatch First 

Get SALT Encoding   

  12  0:00  Drone  
  13  0:08  Drone  
  14  0:17  Extractor  
  14  0:18  Drone  
  15  0:21  Overlord  
  15  0:43  Drone  
  15  0:47  Hatchery  
  15  0:51  Drone  
  15  0:54  Drone  
  17  0:57  Drone  
  18  1:05  Extractor  
  17  1:15  Spawning Pool  
  17  1:18  Drone  
  17  1:21  Drone  
  18  1:27  Drone  
  19  1:39  Drone  
  20  2:01  Queen x2  
  20  2:02  Zergling x4  
  20  2:07  Overlord  
  26  2:13  Metabolic Boost  
  26  2:32  Hatchery  
  26  2:34  Drone  
  26  2:42  Drone x2  
  28  2:50  Baneling Nest  
  27  2:55  Drone x2  
  29  3:10  Overlord  
  29  3:12  Drone x3  
  32  3:18  Baneling Nest  
  31  3:26  Overlord  
  31  3:33  Drone x4  
  35  3:39  Drone x2  
  35  3:40  Drone  
  38  3:46  Lair  
  38  3:51  Drone  
  39  4:00  Drone  
  40  4:06  Evolution Chamber, Extractor  
  40  4:07  Drone x3, Extractor  
  40  4:08  Drone  
  40  4:09  Drone  
  42  4:14  Drone  
  42  4:15  Queen  
  45  4:18  Drone  
  46  4:25  Drone x2  
  46  4:26  Drone  
  46  4:28  Drone x2  
  51  4:35  Zerg Missile Weapons Level 1  
  51  4:39  Roach Warren  
  51  4:43  Drone  
  51  4:49  Spire  
  51  4:50  Drone x2  
  51  4:51  Extractor  
  51  4:53  Drone  
  52  5:08  Evolution Chamber  
  52  5:09  Overlord  
  52  5:10  Overlord  
  51  5:20  Roach  
  51  5:21  Roach x2  
  57  5:33  Roach x8  
  57  5:35  Glial Reconstitution  
  73  5:52  Overlord  
  73  5:53  Overlord x2  
  73  6:01  Drone  
  72  6:12  Mutalisk x3  
  72  6:16  Roach x3  
  72  6:17  Zergling x10  
  89  6:27  Drone x3  
  89  6:28  Drone  
  91  6:35  Spore Crawler  
  91  6:37  Spore Crawler  
  91  6:38  Spore Crawler  
  82  6:40  Spore Crawler x2  
  82  6:44  Spore Crawler  
  79  6:49  Drone x2, Infestation Pit  
  79  6:56  Roach x2  
  80  7:08  Zergling x2  
Show
View Real Time Build Order
Export as new Build Order

Zorx Zerg 

Build Orders: Hatch First 

Get SALT Encoding   

  12  0:00  Drone  
  13  0:13  Overlord  
  13  0:17  Drone  
  14  0:32  Drone x2  
  16  0:47  Hatchery  
  15  1:00  Drone  
  15  1:01  Drone x2  
  18  1:18  Extractor, Spawning Pool  
  17  1:22  Drone  
  17  1:23  Drone  
  18  1:33  Drone  
  19  1:45  Drone  
  20  1:57  Overlord  
  20  2:05  Queen x2  
  24  2:09  Drone x2  
  26  2:17  Drone  
  26  2:18  Drone  
  28  2:25  Zergling x2  
  28  2:27  Zergling x2  
  30  2:31  Metabolic Boost  
  30  2:37  Drone  
  30  2:38  Drone  
  32  2:47  Queen  
  32  2:48  Overlord  
  36  3:02  Overlord  
  36  3:09  Lair  
  36  3:12  Drone x4  
  38  3:21  Roach Warren, Evolution Chamber  
  38  3:24  Evolution Chamber  
  35  3:27  Drone  
  35  3:28  Drone x4  
  35  3:32  Extractor  
  39  3:42  Drone  
  40  3:48  Drone  
  40  3:49  Drone x2  
  40  3:50  Drone  
  40  3:51  Overlord x2  
  40  3:54  Extractor  
  43  3:55  Extractor  
  43  3:56  Drone x2  
  44  4:11  Drone  
  44  4:12  Spire  
  44  4:23  Drone x2  
  46  4:24  Drone x2  
  46  4:25  Drone  
  46  4:26  Drone x3  
  52  4:46  Overlord x2  
  52  4:56  Drone  
  53  5:21  Hatchery  
  52  5:29  Mutalisk x5  
  52  5:30  Mutalisk x2  
  66  5:38  Overlord x3  
  66  5:40  Zergling x8  
  69  6:09  Drone x5  
  74  6:15  Mutalisk x2  
  74  6:16  Mutalisk x2  
  77  6:41  Spine Crawler  
  77  6:42  Spine Crawler x2  
  77  6:44  Spine Crawler x2  
Tags
 
Add a new tag
Caveats
  • Supply blocks, unpowered buildings, or Contaminate may cause inaccurate times.
  • Supply counts are checked every 10 seconds.